 Dungeon Crawl Stone Soup version 0.29.0-13-gc9e81de378 (webtiles) character file.

Game seed: 12396371533487661027

350 magipi the Chopper (level 6, -2/37 HPs)
             Began as a Gargoyle Fighter on Sept 8, 2022.
             Slain by a killer bee (4 damage)
             ... on level 4 of the Dungeon.
             The game lasted 00:08:29 (1822 turns).

magipi the Chopper (Gargoyle Fighter)               Turns: 1822, Time: 00:08:30

Health: -2/37      AC: 18    Str: 21    XL:     6   Next: 60%
Magic:  6/6        EV:  5    Int:  9    God:
Gold:   151        SH:  9    Dex:  9    Spells: 5/5 levels left

rFire   . . .      SeeInvis .   a - +0 war axe
rCold   . . .      Faith    .   c - +0 buckler
rNeg    + . .      Spirit   .   e - +0 plate armour
rPois   ∞          Reflect  +   (no helmet)
rElec   +          Harm     .   (no cloak)
rCorr   .          Rampage  .   k - +0 pair of gloves
Will    .....                   j - +0 pair of boots
Stlth   ..........              r - amulet of reflection
HPRegen 0.12/turn               y - ring of flight
MPRegen 0.10/turn               (no ring)

@: flying
A: sickness immunity, AC +4, negative energy resistance 1, electricity
resistance, torment resistance 1, petrification resistance
a: no special abilities


You were on level 4 of the Dungeon.
You visited 1 branch of the dungeon, and saw 4 of its levels.

You collected 151 gold pieces.

Inventory:

Hand Weapons
 a - a +0 war axe (weapon)
Missiles
 A - 3 silver boomerangs (quivered)
Armour
 c - a +0 buckler (worn)
 e - a +0 plate armour (worn)
 j - a +0 pair of boots (worn)
 k - a +0 pair of gloves (worn)
Jewellery
 r - an amulet of reflection (around neck)
 y - a ring of flight (left hand)
Scrolls
 b - 4 scrolls of identify {unknown}
 f - a scroll of poison {unknown}
 g - 3 scrolls of teleportation {unknown}
 h - 2 scrolls of blinking {unknown}
 o - 2 scrolls of enchant weapon {unknown}
 q - a scroll of immolation {unknown}
 s - a scroll of vulnerability {unknown}
 t - a scroll of enchant armour {unknown}
 v - a scroll of magic mapping {unknown}
 x - a scroll of acquirement {unknown}
Potions
 d - 3 potions of might
 i - a potion of haste
 n - a potion of brilliance
 p - a potion of attraction
 u - a potion of curing
 z - a potion of cancellation


   Skills:
 - Level 3.2 Fighting
 + Level 6.2 Axes
 - Level 3.2 Armour
 - Level 3.2 Shields


You had 5 spell levels left.
You didn't know any spells.
Your spell library contained the following spells:

 Spells                   Type           Power      Damage    Failure   Level
 Poisonous Vapours        Pois/Air       0%         N/A       100%        2
 Inner Flame              Hex/Fire       0%         N/A       100%        3
 Cause Fear               Hex            0%         N/A       100%        4
 Corpse Rot               Necr/Pois/Air  0%         N/A       100%        4
 Discord                  Hex            0%         N/A       100%        8


Dungeon Overview and Level Annotations

Branches:
Dungeon (4/15)
 Temple: D:4-7

Altars:
Dithmenos
Hepliaklqana
Kikubaaqudgha
Okawaru
Ru
Vehumet
Xom


Innate Abilities, Weirdness & Mutations

You are immune to sickness and miasma.
Your stone body is resilient. (AC +4)
You are immune to poison.
You resist negative energy. (rN+)
You are resistant to electric shocks. (rElec)
You are resistant to unholy torment.
You are immune to petrification.


Message History

* * * LOW HITPOINT WARNING * * *
Unknown command.
You barely miss the killer bee. You block the killer bee's attack.
The killer bee stings you but does no damage.
You miss the killer bee. You block the killer bee's attack.
The killer bee barely misses you. x2
You miss the killer bee.
The killer bee stings you but does no damage.
You block the killer bee's attack.
You miss the killer bee.
The killer bee stings you but does no damage. x2
The killer bee barely misses you.
You barely miss the killer bee.
The killer bee stings you but does no damage. x2
It was a potion of brilliance.
You feel clever all of a sudden. The killer bee barely misses you.
You block the killer bee's attack.
It was a potion of attraction.
You feel attractive to monsters. The killer bee stings you.
* * * LOW HITPOINT WARNING * * *
You block the killer bee's attack.
It was a potion of curing.
You feel better.
The killer bee stings you but does no damage.
The killer bee stings you.
* * * LOW HITPOINT WARNING * * *
It was a potion of flight.
You feel more buoyant. The killer bee barely misses you.
The killer bee stings you.
* * * LOW HITPOINT WARNING * * *
It was a potion of cancellation.
Your magical effects are unravelling.
You feel magically purged.
You feel a little less clever now.
Your resistance to elements expires.
The killer bee stings you but does no damage.
You block the killer bee's attack.
You feel less attractive to monsters.
Okay, then.
Unknown command.
You barely miss the killer bee. The killer bee stings you.
You die...

.##.##...# #......########..
.##.##...# #.............#.#
.##.##...###.......#####.#.#
.....'..)))'............>#.#
....##...###.......#####.#.#
######...#########.# #.#.#
....(+...... ..# #.#.# #
###...##.....########.#.##
.....+....†@yyr........#
#.....#.....##y....######
#.....#.....##.#####
#.....#.y# #######'## .y.
...y. #..... #.....


You could see 3 killer bees and a quokka.

Vanquished Creatures
  A phantom (D:4)
  2 killer bees (D:4)
  A hound (D:4)
  Ijyb (D:3)
  5 adders
  An ufetubus (D:4)
  4 dart slugs
  6 orcs
  2 bats (D:1)
  5 endoplasms
  4 giant cockroaches
  10 goblins
  6 hobgoblins
  10 kobolds
  A quokka (D:3)
  6 ball pythons
  8 frilled lizards
73 creatures vanquished.

Notes
Turn   | Place    | Note
-------+----------+-------------------------------------------
     0 | D:1      | magipi the Gargoyle Fighter began the quest for the Orb.
     0 | D:1      | Reached XP level 1. HP: 14/14 MP: 1/1
   215 | D:1      | Reached skill level 2 in Axes
   222 | D:1      | Reached XP level 2. HP: 17/19 MP: 2/2
   343 | D:1      | Found a faded altar of an unknown god.
   422 | D:1      | Reached skill level 3 in Axes
   436 | D:2      | Reached XP level 3. HP: 19/23 MP: 3/3
   850 | D:2      | Found a sacrificial altar of Ru.
   915 | D:2      | Reached XP level 4. HP: 23/28 MP: 4/4
  1043 | D:3      | Reached skill level 4 in Axes
  1089 | D:3      | Found an ancient bone altar of Kikubaaqudgha.
  1096 | D:3      | Found a shimmering altar of Xom.
  1097 | D:3      | Found an iron altar of Okawaru.
  1097 | D:3      | Found a radiant altar of Vehumet.
  1415 | D:3      | Noticed Ijyb
  1458 | D:3      | Killed Ijyb
  1459 | D:3      | Reached XP level 5. HP: 29/32 MP: 5/5
  1557 | D:4      | Noticed a phantom
  1565 | D:4      | Killed a phantom
  1566 | D:4      | Reached skill level 5 in Axes
  1591 | D:4      | Noticed a shadow
  1592 | D:4      | Found a shadowy altar of Dithmenos.
  1599 | D:4      | Found a hazy altar of Hepliaklqana.
  1656 | D:4      | Reached XP level 6. HP: 33/37 MP: 6/6
  1789 | D:4      | Reached skill level 6 in Axes
  1822 | D:4      | Slain by a killer bee

Illustrated notes

Levels and vault maps discovered:
D:1:      dpeg_arrival_circle_labyrinth_c, layout_rooms,
          dreamdust_ecumenical_altar_angels_and_demons
D:2:      layout_loops_corners, basic_altar, minmay_circle_x
D:3:      minmay_inner_zag, layout_rooms, mainiacjoe_overflow_alcove_3,
          uniq_ijyb
D:4:      layout_basic, riverfiend_overflow_shadow_ancestor

Skill      XL: |  1  2  3  4  5  6 |
---------------+-------------------+-----
Axes           | 2 3 4 5 6 |  6.2
Fighting       | |  3.2
Armour         | |  3.2
Shields        | |  3.2

Action                   |  1- 3 |  4- 6 || total
-------------------------+-------+-------++-------
Melee: War axe           |    88 |   155 ||   243
  Use: Potion            |       |     8 ||     8
Armor: Plate armour      |    79 |   150 ||   229
Dodge: Dodged            |    22 |    41 ||    63
Block: Buckler           |    22 |    57 ||    79
